 Dungeon Crawl Stone Soup version 0.30-a0-1016-gfb0d676c02 (webtiles) character file.

Game seed: 1677991491593296222

2482 senseless the Cruncher (level 9, -5/66 HPs)
             Began as a Gnoll Wanderer on Apr 6, 2023.
             Was a Follower of Okawaru.
             Slain by a sixfirhy (6 damage)
             ... summoned by a kobold demonologist
             ... on level 6 of the Dungeon.
             The game lasted 00:18:47 (6275 turns).

senseless the Cruncher (Gnoll Wanderer)             Turns: 6275, Time: 00:18:47

Health: -5/66      AC: 15    Str: 15    XL:     9   Next: 52%
Magic:  0/15       EV:  8    Int: 13    God:    Okawaru [*.....]
Gold:   336        SH:  0    Dex: 11    Spells: 17/17 levels left

rFire   . . .      SeeInvis .    a - +3 quarterstaff
rCold   . . .      Faith    .    (shield currently unavailable)
rNeg    . . .      Spirit   +    I - +0 chain mail
rPois   +          Reflect  .    (no helmet)
rElec   .          Rampage  +    (no cloak)
rCorr   .                        (no gloves)
Will    .....                    x - +0 pair of boots {rampage} Stlth
                                 j - amulet of guardian spirit
HPRegen 0.31/turn                A - ring of poison resistance
MPRegen 0.14/turn                H - +4 ring of protection

@: no status effects
A: fangs 1, strong nose, distributed training
a: Renounce Religion, Heroism


You were on level 6 of the Dungeon.
You worshipped Okawaru.
Okawaru was aware of your devotion.
You visited 2 branches of the dungeon, and saw 8 of its levels.
You also visited: Sewer and Ossuary.

You collected 336 gold pieces.

Inventory:

Hand Weapons
 a - a +3 quarterstaff (weapon)
 b - a +3 sling of draining
 c - a +3 scimitar
 D - a +2 flail of venom
Missiles
 k - 43 poisoned darts
 l - 2 curare-tipped darts
Armour
 x - a +0 pair of boots of rampaging (worn)
 I - a +0 chain mail (worn)
Jewellery
 j - an amulet of guardian spirit (around neck)
 n - a ring of protection from fire
 A - a ring of poison resistance (left hand)
 C - a +6 ring of dexterity
 E - a ring of willpower
 G - a ring of magical power
 H - a +4 ring of protection (right hand)
Wands
 m - a wand of digging (7)
 B - a wand of flame (13)
Scrolls
 p - 3 scrolls of teleportation
 q - a scroll of blinking
 s - a scroll of poison
 v - a scroll of magic mapping
 y - a scroll of fog
Potions
 d - 2 potions of invisibility
 e - 3 potions of flight
 f - 2 potions of brilliance
 g - 2 potions of berserk rage
 h - 11 potions of curing
 i - 3 potions of heal wounds
 o - a potion of lignification
 r - 3 potions of cancellation
 t - 2 potions of haste
 u - 2 potions of ambrosia
 w - a potion of attraction
 z - a potion of might
 F - a potion of resistance


   Skills:
 + Level 4.5 Fighting
 + Level 6.5 Short Blades
 + Level 4.5 Long Blades
 + Level 4.5 Axes
 + Level 4.5 Maces & Flails
 + Level 4.5 Polearms
 + Level 9.7 Staves
 + Level 4.5 Ranged Weapons
 + Level 5.2 Throwing
 + Level 6.5 Armour
 + Level 4.5 Dodging
 + Level 5.1 Stealth
 + Level 4.5 Shields
 + Level 4.5 Unarmed Combat
 + Level 4.5 Spellcasting
 + Level 3.7 Conjurations
 + Level 3.7 Hexes
 + Level 3.7 Summonings
 + Level 3.7 Necromancy
 + Level 3.7 Translocations
 + Level 3.7 Transmutations
 + Level 3.7 Fire Magic
 + Level 3.7 Ice Magic
 + Level 3.7 Air Magic
 + Level 3.7 Earth Magic
 + Level 3.7 Poison Magic
 + Level 5.0 Invocations
 + Level 4.5 Evocations


You had 17 spell levels left.
You didn't know any spells.
Your spell library contained the following spells:

 Spells                   Type           Power      Damage    Failure   Level
 Ignite Poison            Fire/Tmut/Pois 12%        N/A       80%         3
 Ozocubu's Armour         Ice            12%        N/A       80%         3
 Sticky Flame             Conj/Fire      12%        2d4       99%         4
 Metabolic Englaciation   Hex/Ice        6%         N/A       100%        5
 Ignition                 Fire           6%         3d4       100%        8
 Simulacrum               Ice/Necr       Unusable   N/A       N/A         6

Dungeon Overview and Level Annotations

Branches:
Dungeon (7/15)             Temple (1/1) D:4           Sewer (visited)
Ossuary (visited)

Altars:
Ashenzari
Cheibriados
Dithmenos
Elyvilon
Gozag
Hepliaklqana
Kikubaaqudgha
Makhleb
Nemelex Xobeh
Okawaru
Qazlal
Sif Muna
Trog
Vehumet
Wu Jian
Xom
Yredelemnul
Zin
The Shining One


Innate Abilities, Weirdness & Mutations

You have very sharp teeth.
Your uncanny sense of smell can sniff out nearby items.
Your experience applies equally to all skills.


Message History

The kobold demonologist shouts!
The kobold demonologist looks encouraged for a moment.
You shoot a sling bullet.
The sling bullet hits the kobold demonologist but does no damage.
The kobold demonologist gestures wildly while chanting.
You shoot a sling bullet.
The sling bullet hits the kobold demonologist but does no damage.
The kobold demonologist gestures wildly while chanting.
You shoot a sling bullet.
The sling bullet hits the kobold demonologist.
The kobold demonologist is lightly wounded.
You shoot a sling bullet.
The sling bullet barely misses the kobold demonologist.
You shoot a sling bullet.
The sling bullet hits the kobold demonologist.
You drain the kobold demonologist.
The kobold demonologist is lightly wounded.
The sixfirhy hits you. The sixfirhy shocks you!
The sixfirhy hits you but does no damage.
The sixfirhy hits you. The sixfirhy shocks you!
The kobold demonologist hits you but does no damage.
a - a +3 quarterstaff (weapon)
You sock the kobold demonologist!
The kobold demonologist is moderately wounded.
The kobold demonologist hits you but does no damage.
You hit the kobold demonologist.
The kobold demonologist is heavily wounded.
The sixfirhy hits you! The sixfirhy shocks you!
The kobold demonologist casts a spell.
You barely miss the kobold demonologist.
Your bite misses the kobold demonologist.
The kobold demonologist is heavily wounded.
The sixfirhy hits you! The sixfirhy shocks you!
* * * LOW HITPOINT WARNING * * *
The sixfirhy hits you.
* * * LOW HITPOINT WARNING * * *
The sixfirhy shocks you!
* * * LOW HITPOINT WARNING * * *
The sixfirhy hits you!
You die...

............##...........##......
.....................######......
..........)......................
.......#................#........
.................###.............
.........#'###+#+###..........##.
.................4...#...........
.....##........[.3...#...........
.....##.........@K...#...........
.....##..........4...#.........#.
...............#+#...#.........+.
+#.............#.#...........###.
+#.......##....#...............##
+#.......#...............###.....
..)......#......###........#...#.
...).....#..........)...##+#...#.
...[.....#...#....[..).........+.


You could see 2 hellwings, a kobold demonologist (drained) and a sixfirhy
(summoned).

Vanquished Creatures
  2 slime creatures (D:5)
  2 centaurs (D:7)
  A phantom (D:4)
  5 kobold brigands
  2 bullfrogs
  5 water moccasin zombies (Ossuary)
  A wight (D:6)
  6 killer bees (D:7)
  6 jellies
  4 hounds
  An orc priest (D:7)
  A sleepcap (D:6)
  Ijyb (D:5)
  3 iguanas (D:5)
  An orc wizard (D:5)
  2 mummies (Ossuary)
  4 gnolls (D:6)
  5 river rats (Sewer)
  9 adders
  An ufetubus (D:5)
  7 adder zombies (Ossuary)
  2 dart slugs
  26 orcs
  14 endoplasms
  3 giant cockroaches
  3 gnoll zombies (Ossuary)
  2 goblins
  8 hobgoblins
  10 jackals
  2 quokkas
  7 ball pythons
  5 bats
  A frilled lizard (D:2)
  A goblin zombie (D:4)
  4 hobgoblin zombies (Ossuary)
  21 kobolds
  8 kobold zombies (Ossuary)
  5 orc zombies (Ossuary)
  8 rats
  A rat zombie (D:4)
200 creatures vanquished.

Vanquished Creatures (others)
  12 fungi (D:5)
  6 toadstools (D:5)
18 creatures vanquished.

Grand Total: 218 creatures vanquished

Notes
Turn   | Place    | Note
-------+----------+-------------------------------------------
     0 | D:1      | senseless the Gnoll Wanderer began the quest for the Orb.
     0 | D:1      | senseless set off with the following items: a +2
                  | quarterstaff, a +0 short sword, a +0 scale mail, a potion
                  | of invisibility.
     0 | D:1      | Reached XP level 1. HP: 13/13 MP: 1/1
   114 | D:1      | Reached XP level 2. HP: 19/19 MP: 2/2
   308 | D:1      | Reached XP level 3. HP: 25/25 MP: 3/3
   466 | D:2      | Reached skill level 1 in Invocations
   473 | D:2      | Reached skill level 1 in Fighting
   473 | D:2      | Reached skill level 1 in Long Blades
   473 | D:2      | Reached skill level 1 in Axes
   473 | D:2      | Reached skill level 1 in Maces & Flails
   473 | D:2      | Reached skill level 1 in Polearms
   473 | D:2      | Reached skill level 1 in Ranged Weapons
   473 | D:2      | Reached skill level 1 in Dodging
   473 | D:2      | Reached skill level 1 in Shields
   473 | D:2      | Reached skill level 1 in Unarmed Combat
   473 | D:2      | Reached skill level 1 in Spellcasting
   473 | D:2      | Reached skill level 1 in Evocations
   493 | D:2      | Reached XP level 4. HP: 28/32 MP: 5/5
   689 | D:2      | Reached skill level 1 in Conjurations
   689 | D:2      | Reached skill level 1 in Hexes
   689 | D:2      | Reached skill level 1 in Summonings
   689 | D:2      | Reached skill level 1 in Necromancy
   689 | D:2      | Reached skill level 1 in Translocations
   689 | D:2      | Reached skill level 1 in Transmutations
   689 | D:2      | Reached skill level 1 in Fire Magic
   689 | D:2      | Reached skill level 1 in Ice Magic
   689 | D:2      | Reached skill level 1 in Air Magic
   689 | D:2      | Reached skill level 1 in Earth Magic
   689 | D:2      | Reached skill level 1 in Poison Magic
   997 | D:3      | Found a glowing drain.
  1034 | Sewer    | Entered a sewer
  1049 | Sewer    | Reached XP level 5. HP: 26/37 MP: 4/7
  1142 | Sewer    | Noticed a kobold brigand
  1142 | Sewer    | Noticed a kobold brigand
  1156 | Sewer    | Killed a kobold brigand
  1159 | Sewer    | Killed a kobold brigand
  1160 | Sewer    | Reached skill level 5 in Short Blades
  1160 | Sewer    | Reached skill level 5 in Armour
  1160 | Sewer    | Reached XP level 6. HP: 22/44 MP: 3/9
  1279 | Sewer    | Found a white marble altar of Elyvilon.
  1795 | D:4      | Found a staircase to the Ecumenical Temple.
  1948 | D:4      | Found a sand-covered staircase.
  1980 | Ossuary  | Entered an ossuary
  2081 | Ossuary  | Reached XP level 7. HP: 41/51 MP: 6/10
  2120 | Ossuary  | Reached skill level 9 in Staves
  2978 | Temple   | Entered the Ecumenical Temple
  3035 | Temple   | Became a worshipper of Warmaster Okawaru
  3078 | D:5      | Entered Level 5 of the Dungeon
  3154 | D:5      | Reached XP level 8. HP: 56/58 MP: 12/12
  3369 | D:5      | Found a shimmering blue altar of Sif Muna.
  3409 | D:5      | Noticed Ijyb
  3426 | D:5      | Killed Ijyb
  3981 | D:5      | Noticed a slime creature
  3981 | D:5      | Noticed a slime creature
  3993 | D:5      | Killed a slime creature
  4079 | D:5      | Killed a slime creature
  4079 | D:5      | Reached * piety under Okawaru
  4312 | D:5      | Reached XP level 9. HP: 65/65 MP: 14/14
  5613 | D:7      | Reached skill level 5 in Throwing
  5780 | D:7      | Reached skill level 5 in Stealth
  6259 | D:6      | Reached skill level 5 in Invocations
  6265 | D:6      | Noticed a kobold demonologist
  6268 | D:6      | Noticed a sixfirhy
  6270 | D:6      | Noticed a hellwing
  6275 | D:6      | Noticed a hellwing
  6275 | D:6      | HP: 1/66 [sixfirhy[a kobold demonologist] (8)]
  6275 | D:6      | Slain by a sixfirhy

Illustrated notes

Levels and vault maps discovered:
D:1:      amcnicky_arrival_double_pillar, layout_rooms
D:2:      layout_rooms, corexii_hall_statues_i
D:3:      layout_rooms, portal_sewer_entry_d
D:4:      layout_loops_ring, temple_pool_b, enter_ossuary_3
D:5:      cheibrodos_fertilizer, layout_layer_cave,
          nicolae_sif_muna_condensation, kennysheep_decorative_pillar, uniq_ijyb
D:6:      layout_basic, grunt_ministairs_5
D:7:      layout_loops_corners, serial_bayou_pond_d, minmay_between
Temple:   compressed_dpeg_circular_temple

Skill      XL: |  1  2  3  4  5  6  7  8  9 |
---------------+----------------------------+-----
Invocations    | 1 2 3 4 5 |  5.0
Fighting       | 1 2 3 4 |  4.5
Long Blades    | 1 2 3 4 |  4.5
Axes           | 1 2 3 4 |  4.5
Maces & Flails | 1 2 3 4 |  4.5
Polearms       | 1 2 3 4 |  4.5
Ranged Weapons | 1 2 3 4 |  4.5
Dodging        | 1 2 3 4 |  4.5
Shields        | 1 2 3 4 |  4.5
Unarmed Combat | 1 2 3 4 |  4.5
Spellcasting   | 1 2 3 4 |  4.5
Evocations     | 1 2 3 4 |  4.5
Conjurations   | 1 2 3 |  3.7
Hexes          | 1 2 3 |  3.7
Summonings     | 1 2 3 |  3.7
Necromancy     | 1 2 3 |  3.7
Translocations | 1 2 3 |  3.7
Transmutations | 1 2 3 |  3.7
Fire Magic     | 1 2 3 |  3.7
Ice Magic      | 1 2 3 |  3.7
Air Magic      | 1 2 3 |  3.7
Earth Magic    | 1 2 3 |  3.7
Poison Magic   | 1 2 3 |  3.7
Throwing       | 3 4 5 |  5.2
Short Blades   | 5 6 |  6.5
Armour         | 5 6 |  6.5
Stealth        | 3 4 5 |  5.1
Staves         | 9 |  9.7

Action                     |  1- 3 |  4- 6 |  7- 9 || total
---------------------------+-------+-------+-------++-------
  Melee: Quarterstaff      |    52 |   175 |   232 ||   459
         Bite              |     3 |    18 |    22 ||    43
   Fire: Sling             |       |    52 |   179 ||   231
    Use: Scroll            |       |    10 |    10 ||    20
         Potion            |       |     2 |     1 ||     3
 Armour: Scale mail        |    25 |    74 |    94 ||   193
         Chain mail        |       |       |     4 ||     4
  Dodge: Dodged            |    17 |    74 |   144 ||   235

Table legend: (Time is in decaauts)
 A = Elapsed time spent in this place.
 B = Non-inter-level travel time spent in this place.
 C = Inter-level travel time spent in this place.
 D = Time resting spent in this place.
 E = Time spent auto-exploring this place.
 F = Levels seen in this place.
 G = Mean time per level.
                   A        B        C        D        E       F      G
               +--------+--------+--------+--------+--------+-----+--------+
         Total |   6326 |   6014 |    312 |    168 |   4522 |  10 |  632.6 |
       Dungeon |   5440 |   5141 |    299 |    127 |   3950 |   7 |  777.1 |
        Temple |     71 |     58 |     13 |      0 |     38 |   1 |   71.0 |
         Sewer |    374 |    374 |      0 |     41 |    249 |   1 |  374.0 |
       Ossuary |    439 |    439 |      0 |      0 |    284 |   1 |  439.0 |
               +--------+--------+--------+--------+--------+-----+--------+

Top non-repeatable levels by time:
     D:5: 1813 daAuts
     D:6: 813 daAuts
     D:4: 799 daAuts
     D:7: 592 daAuts
     D:2: 523 daAuts
     D:3: 473 daAuts
 Ossuary: 439 daAuts
     D:1: 424 daAuts
   Sewer: 374 daAuts
  Temple: 71 daAuts
